 Dungeon Crawl Stone Soup version 0.31.0-11-ge490571c62 (webtiles) character file.

Game seed: 5001032236478211487

42 trckry the Caller (level 3, 0/31 HPs)
             Began as an Oni Summoner on Feb 1, 2024.
             Succumbed to an adder's poison
             ... on level 2 of the Dungeon.
             The game lasted 00:04:24 (1258 turns).

trckry the Caller (Oni Summoner)                    Turns: 1258, Time: 00:04:25

Health: 0/31       AC:  3    Str: 12    XL:     3   Next: 54%
Magic:  3/7        EV:  9    Int: 18    God:
Gold:   75         SH:  0    Dex:  9    Spells: 2/8 levels left

rFire   . . .        d - +0 spear
rCold   . . .        (no shield)
rNeg    . . .        a - +0 robe
rPois   .            (helmet restricted)
rElec   .            (no cloak)
rCorr   .            (gloves unavailable)
SInv    .            (boots unavailable)
Will    .....        (no amulet)
Stlth   +            (no ring)
HPRegen 0.25/turn    (no ring)
MPRegen 0.10/turn

%: no passive effects
@: lethally poisoned (0 -> -4), hasted, very quick
A: large, unfitting armour, horns 1, tough skin 1, double potion healing,
drunken brawling
a: no special abilities


You were on level 2 of the Dungeon.
You visited 1 branch of the dungeon, and saw 2 of its levels.

You collected 75 gold pieces.

Inventory:

Hand Weapons
 d - a +0 spear (weapon)
Missiles
 g - 4 poisoned darts
 i - 5 atropa-tipped darts
 k - a throwing net
Armour
 a - a +0 robe (worn)
Talismans
 c - a beast talisman
Scrolls
 f - a scroll of enchant armour {unknown}
 j - a scroll of fog {unknown}
 l - a scroll of amnesia {unknown}
Potions
 b - a potion of magic
 e - a potion of haste
 h - a potion of lignification {unknown}
 m - a potion of invisibility {unknown}


   Skills:
 - Level 1.7 Dodging
 - Level 1.4 Stealth
 + Level 3.1 Spellcasting
 * Level 4.4 Summonings


You had 2 spell levels left.
You knew the following spells:

 Your Spells              Type           Power      Damage    Failure   Level
a - Summon Small Mammal   Summ           72%        N/A       2%          1
b - Call Imp              Summ           36%        N/A       4%          2
c - Call Canine Familiar  Summ           18%        N/A       8%          3

Your spell library contained the following spells:

 Spells                   Type           Power      Damage    Failure   Level
 Summon Blazeheart Golem  Fire/Summ      10%        N/A       54%         4
 Summon Lightning Spire   Summ/Air       10%        N/A       54%         4


Dungeon Overview and Level Annotations

Branches:
Dungeon (2/15) Zot: 10731

Altars:


Innate Abilities, Weirdness & Mutations

You are too large for most types of armour.
You have a pair of small horns on your head.
You have tough skin. (AC +1)
You gain doubled healing and magic from potions.
Whenever you drink a healing potion, you attack all around you.


Message History

The adder is lightly wounded.
The adder bites you.
You are poisoned.
The adder poisons you!
Your cerulean imp misses the adder.
You miss the adder.
You feel sick. The adder bites you.
Your cerulean imp misses the adder.
The adder barely misses you.
You barely miss the adder. Your headbutt misses the adder.
You feel sick.
Your cerulean imp hits the adder but does no damage.
The adder barely misses you.
You hit the adder.
The adder is moderately wounded.
You feel sick. The adder barely misses you.
Your cerulean imp hits the adder from afar with a -3 spear.
The adder bites you but does no damage.
You barely miss the adder. Your headbutt misses the adder.
The adder is heavily wounded.
You feel sick.
Your cerulean imp barely misses the adder.
The adder closely misses you.
You feel sick.
Your cerulean imp disappears in a puff of smoke!
Casting: Call Imp (safe; 4% risk of failure)
Confirm with . or Enter, or press ? or * to list all spells.
A tiny devil pulls itself out of the air.
You feel sick.
You are no longer poisoned.
The adder bites you.
* * * LOW HITPOINT WARNING * * *
The adder bites you but does no damage. The adder attacks as it pursues you!
The adder bites you but does no damage.
Your cerulean imp misses the adder.
The adder attacks as it pursues you! The adder bites you.
* * * LOW HITPOINT WARNING * * *
The adder attacks as it pursues you! The adder bites you.
* * * LOW HITPOINT WARNING * * *
You are lethally poisoned!
The adder poisons you! The adder bites you.
* * * LOW HITPOINT WARNING * * *
It was a potion of haste.
You feel yourself speed up.
You die...

#.# #. #.# #.# #.# #.# #.#
#.########...... ##.##
#.#......#...... ##.####...#
###.#......#...... #.........#
#..........#......
#######...######......#####......
#...........5.S@................
#.####...######..†...#####......
#...######......# #......
#...............# #......
#.........##.#### #.^....
##........##.# ####.##
###########.# #.# #.###########.#
#.............#


You could see an adder (ally target) and a friendly cerulean imp (summoned).

Vanquished Creatures
  A dart slug (D:2)
  4 bats
  3 endoplasms
  2 giant cockroaches (D:1)
  2 goblins (D:2)
  4 hobgoblins
  2 kobolds (D:2)
  A quokka (D:2)
  3 ball pythons
  2 frilled lizards (D:1)
24 creatures vanquished.

Vanquished Creatures (collateral kills)
  A gnoll (D:1)
  A rat (D:1)
2 creatures vanquished.

Grand Total: 26 creatures vanquished

Notes
Turn   | Place    | Note
-------+----------+-------------------------------------------
     0 | D:1      | trckry the Oni Summoner began the quest for the Orb.
     0 | D:1      | Reached XP level 1. HP: 16/16 MP: 3/3
   301 | D:1      | Reached XP level 2. HP: 24/24 MP: 5/5
   304 | D:1      | Learned a level 2 spell: Call Imp
   507 | D:1      | Reached skill level 4 in Summonings
   646 | D:1      | Reached XP level 3. HP: 31/31 MP: 7/7
  1154 | D:2      | Learned a level 3 spell: Call Canine Familiar
  1257 | D:2      | HP: 4/31 [adder (2)]
  1257 | D:2      | HP: 1/31 [adder (3)]
  1258 | D:2      | Succumbed to an adder's poison

Illustrated notes

Levels and vault maps discovered:
D:1:      scummos_arrival_star, layout_loops_ring
D:2:      layout_basic, basic_altar, uniq_natasha

Skill      XL: |  1  2 |
---------------+-------+-----
Summonings     | 4 |  4.4
Spellcasting   | 3 |  3.1
Dodging        | |  1.7
Stealth        | |  1.4

Action                     || total
---------------------------++-------
  Melee: Spear             ||   109
         Headbutt          ||    13
         Punch             ||     1
   Cast: Summon Small Mamm ||     4
         Call Imp          ||     6
    Use: Potion            ||     1
   Stab: Sleeping          ||     1
 Armour: Robe              ||    94
  Dodge: Dodged            ||    53
